 Dungeon Crawl Stone Soup version 0.27.1 (webtiles) character file.

Game seed: 12235202327604162419

93 funkygono the Firebug (level 4, -1/24 HPs)
             Began as a Gargoyle Fire Elementalist on Aug 28, 2021.
             Killed by divine providence
             ... invoked by an orc priest
              (9 damage)
             ... on level 3 of the Dungeon.
             The game lasted 00:05:05 (2887 turns).

funkygono the Firebug (Gargoyle Fire Elementalist)  Turns: 2887, Time: 00:05:06

Health: -1/24      AC:  5    Str: 12    XL:     4   Next: 62%
Magic:  7/8        EV: 12    Int: 16    God:
Gold:   72         SH:  0    Dex: 10    Spells: 4/8 levels left

rFire    . . .     SeeInvis .   f - +0 club
rCold    . . .     Faith    .   (no shield)
rNeg     + . .     Spirit   .   a - +0 robe
rPois    ∞         Reflect  .   (no helmet)
rElec    +         Harm     .   (no cloak)
rCorr    .         Rampage  .   (no gloves)
Will     .....                  (no boots)
Stlth    ++........             (no amulet)
HPRegen  0.08/turn              (no ring)
MPRegen  0.11/turn              (no ring)

@: no status effects
A: sickness immunity, AC +3, negative energy resistance 1, electricity
resistance, torment resistance 1, petrification resistance
a: no special abilities


You were on level 3 of the Dungeon.
You visited 1 branch of the dungeon, and saw 3 of its levels.

You collected 72 gold pieces.

Inventory:

Hand Weapons
 f - a +0 club (weapon)
Missiles
 g - 46 stones
Armour
 a - a +0 robe (worn)
Wands
 l - a wand of digging (5)
Scrolls
 b - a scroll of identify {unknown}
 h - a scroll of magic mapping {unknown}
 j - a scroll of immolation {unknown}
 k - a scroll of enchant armour {unknown}
Potions
 c - a potion of curing {unknown}
 d - a potion of might {unknown}
 e - a potion of flight {unknown}
 i - a potion of cancellation {unknown}


   Skills:
 + Level 1.7 Dodging
 - Level 2.1 Stealth
 * Level 2.8 Spellcasting
 * Level 2.2 Conjurations
 * Level 4.1 Fire Magic


You had 4 spell levels left.
You knew the following spells:

 Your Spells              Type           Power      Damage    Failure   Level
a - Foxfire               Conj/Fire      48%        2x1d6     4%          1
b - Conjure Flame         Conj/Fire      12%        6-21      16%         3

Your spell library contained the following spells:

 Spells                   Type           Power      Damage    Failure   Level
 Inner Flame              Hex/Fire       8%         N/A       24%         3
 Wereblood                Tmut           2%         N/A       28%         2
 Sticky Flame             Conj/Fire      12%        2d4       45%         4
 Fireball                 Conj/Fire      6%         3d5       80%         5
 Summon Hydra             Summ           1%         N/A       100%        7
 Sublimation of Blood     Necr           Unusable   N/A       N/A         2

Dungeon Overview and Level Annotations

Branches:
Dungeon (3/15)

Altars:


Innate Abilities, Weirdness & Mutations

You are immune to sickness and miasma.
Your stone body is resilient. (AC +3)
You are immune to poison.
You resist negative energy. (rN+)
You are resistant to electric shocks. (rElec)
You are resistant to unholy torment.
You are immune to petrification.


Message History

Casting: Foxfire (safe; 5% risk of failure)
Confirm with . or Enter, or press ? or * to list all spells.
You conjure some foxfire!
The foxfire hits something but does no damage. x2
Unknown command.
Casting: Foxfire (safe; 5% risk of failure)
Confirm with . or Enter, or press ? or * to list all spells.
You conjure some foxfire!
The foxfire hits something. x2
Reactivating autopickup.
You feel a bit more experienced.
Unknown command.
You start resting.
Your foxfire dissipates!
You start resting.
Magic restored.
Found 10 gold pieces.
Things that are here:
a +0 dagger; a +0 robe; an orc corpse
Found a stone staircase leading up.
Found 12 gold pieces.
You now have 60 gold pieces (gained 10).
You now have 72 gold pieces (gained 12).
Found a stone staircase leading up.
There is a stone staircase leading up here. 2 orcs and an orc priest come into view.
The orc shouts!
The orc priest shouts!
Casting: Foxfire (safe; 4% risk of failure)
Confirm with . or Enter, or press ? or * to list all spells.
You conjure some foxfire!
The orc shouts!
You hear a shout! x3
The orc priest invokes the aid of Beogh against you.
Beogh smites you!
Ouch! That really hurt!
The foxfire hits the orc.
The orc is heavily wounded.
Your foxfire dissipates!
The orc drinks a potion.
The orc seems to speed up.
The orc priest calls down the wrath of Beogh upon you.
Beogh smites you!
You die...

#######.# #.# #.# #.# #.# #.#
#.# #.# #.# #.# # #.# #.#
..#.#####.# #.# #####
..........######.######...####
#####.o..o..@.<.....#........
#o########..###...)....## #§
#..# #......<.># #o
#..............# #.
#.####.........# #o #.
#........## #o #. #..........
#. #. ####...#### #####


You could see an orc priest and 2 orcs.

Vanquished Creatures
  An orc wizard (D:3)
  3 adders (D:2)
  2 dart slugs
  7 bats
  7 endoplasms
  A giant cockroach (D:1)
  2 goblins (D:1)
  A hobgoblin (D:1)
  3 kobolds
  8 ball pythons
  2 frilled lizards (D:1)
  2 rats
39 creatures vanquished.

Vanquished Creatures (others)
  128 foxfires
128 creatures vanquished.

Grand Total: 167 creatures vanquished

Notes
Turn   | Place    | Note
-------+----------+-------------------------------------------
     0 | D:1      | funkygono the Gargoyle Fire Elementalist began the quest
                  | for the Orb.
     0 | D:1      | Reached XP level 1. HP: 10/10 MP: 3/3
   297 | D:1      | Reached XP level 2. HP: 15/15 MP: 3/5
  1019 | D:1      | Reached XP level 3. HP: 19/19 MP: 2/6
  1637 | D:1      | Learned a level 3 spell: Conjure Flame
  1951 | D:2      | Reached skill level 4 in Fire Magic
  2170 | D:2      | Found a faded altar of an unknown god.
  2170 | D:2      | Noticed a shining eye
  2175 | D:2      | Noticed a great orb of eyes
  2179 | D:2      | Noticed a shining eye
  2179 | D:2      | Noticed a great orb of eyes
  2251 | D:2      | Reached XP level 4. HP: 24/24 MP: 5/7
  2887 | D:3      | Killed from afar by an orc priest

Illustrated notes

Levels and vault maps discovered:
D:1:      dpeg_arrival_round_a, layout_basic, minmay_misc_feat_roman
D:2:      layout_basic, hellmonk_ecumenical_altar_watching_god,
          kennysheep_generic_room_3
D:3:      layout_loops_ring, kennysheep_generic_room_8, uniq_ijyb

Skill      XL: |  1  2  3 |
---------------+----------+-----
Fire Magic     | 4 |  4.1
Conjurations   | 2 |  2.2
Dodging        | |  1.7
Stealth        | |  2.1
Spellcasting   | |  2.8

Action                   |  1- 3 |  4- 6 || total
-------------------------+-------+-------++-------
Melee: Club              |     2 |       ||     2
 Cast: Foxfire           |    55 |    18 ||    73
Armor: Robe              |     4 |       ||     4
Dodge: Dodged            |    12 |     2 ||    14
